AoeStats
← maksi_ka

Arabia

508692444Analyzed
1v1 RM · 9d ago on Sep 23, 2026· 52m 26s· 2 players
Game mode
Random Map
Map size
Tiny (2 player)
Population
200
Speed
Normal
Resources
Standard
Victory
Conquest
Starting age
Dark Age
Ending age
Imperial Age
RankedLock teamsTeams togetherTeam positionsShared explorationLock speedFull tech treeHidden civsTurbo modeCheats
Victory
Defeat
🇩🇪 Georgians · Germany
871
+14
🇦🇷 Vietnamese · Argentina
836
-14
MAREKE
8:04 Loom
10:17 Feudal Age
10:48 Double-Bit Axe
11:23 Horse Collar
16:49 Horse Collar
19:15 Wheelbarrow
22:18 Castle Age
21:33 Forging
21:14 Fletching
21:36 Bloodlines
21:19 Gold Mining
23:36 Bodkin Arrow
24:18 Elite Skirmisher
30:44 Iron Casting
30:13 Padded Archer Armor
35:16 Hand Cart
35:31 Bow Saw
36:10 Husbandry
37:17 Scale Barding Armor
40:19 Iron Casting
45:06 Town Watch
45:34 Pikeman
46:14 Squires
46:53 Town Patrol
50:50 Imperial Age
49:30 Heavy Plow
50:00 Chain Barding Armor
50:33 Scale Mail Armor
51:53 Ballistics
maksi_ka
7:42 Loom
10:03 Feudal Age
11:41 Double-Bit Axe
11:52 Horse Collar
18:11 Town Watch
21:29 Castle Age
18:56 Man-at-Arms
21:16 Wheelbarrow
22:11 Forging
22:07 Scale Mail Armor
22:01 Fletching
22:11 Padded Archer Armor
22:35 Long Swordsman
23:01 Gambesons
23:13 Gambesons
25:35 Bodkin Arrow
26:50 Bow Saw
26:52 Elite Skirmisher
28:48 Chain Mail Armor
30:19 Leather Archer Armor
32:00 Squires
35:38 Iron Casting
34:26 Pikeman
41:03 Imperial Age
43:13 Bracer
44:14 Blast Furnace
43:45 Plate Mail Armor
44:10 Two-Handed Swordsman
45:12 Scale Barding Armor
45:51 Wheelbarrow
46:47 Aznauri Cavalry
46:14 Halberdier
46:41 Arson
52:07 Chain Barding Armor
51:15 Champion
Connection lost

Rejoining the realm…

Still unreachable

The connection could not be restored.

Session expired

The server has moved on; the page needs a fresh start.